← All builds
Tech / Armada / Economy first / OBSERVED BUILD

Standard tech

Armada Tech (Eco) build order · Supreme Isthmus

Rushes the T2 bot lab and advanced metal extractors while supplying teammates with constructors, scaling eco through the standard Citadel/Umbrella/Platypus transition.

Usually first T2 con to Geo (83%)

#t2 #eco #team support · 1662 distinct matches · 259 players · 60% of Armada Tech games · team won 54% of 1977 · Recently observed

HOW TO PLAY IT

Key timing: T2 factory by 4:15

  1. Open 3 mex and heavy wind to fund a fast T2 rush.
  2. Put down Bot Lab, planning to eat it for reclaim soon after.
  3. Get Advanced Bot Lab up, hitting the T2 factory rush timing.
  4. Upgrade mex to Advanced Metal Extractor to lock in team metal income.
  5. Eat Advanced Bot Lab and keep sending cons to Geo and Pond.

Phase by phase

TYPICAL OF ITS 1662 GAMES
  1. 1
  2. 2
  3. 3
  4. 4
PLAY THE OPENING

Follow the example game's first 6:00 step by step: what to build now, what comes next, and where it goes. At 1× it keeps pace with your own game.

  1. 1

    Up to the Bot Lab

    Economy
    • Metal Extractor3Mex
    • Wind Turbine4Wind
    Order
    1. Bot LabBot Lab after 3 mex, 4 winddone ~1:18, middle half 1:13–1:32

    Some games also: energy storage (32%)

    By 1:01 in all: 3 mex · 4 wind

    The example game in this phase · 6 steps
    1. Mex ×2
    2. Wind
    3. Mex
    4. Wind ×4
    5. Energy storage
    6. Bot LabBot Labdone 1:35 · typical 1:18
  2. 2

    Bot Lab to Advanced Bot Lab

    Economy
    • Metal Extractor1Mex
    • Wind Turbine8Wind
    • Energy Storage1Energy storage
    Order
    1. Advanced Bot LabAdvanced Bot Lab after 4 mex, 12 wind, 3 con turretdone ~4:16, middle half 4:04–4:30
    Builders
    • Construction Turret3 Con turret
    • Lazarus3 Lazarus
    • Construction Bot2 Con bot
    • Construction Bot1 Con bot for allies

    Some games also: converter (36%)

    By 3:18 in all: 4 mex · 12 wind · 1 energy storage · 3 con turret

    The example game in this phase · 19 steps
    1. Wind
    2. LazarusLazarus
    3. Construction BotCon bot
    4. Wind
    5. Construction BotCon botfor Air
    6. Wind
    7. Con turret
    8. Wind
    9. Construction BotCon bot
    10. Wind
    11. Mex
    12. Wind ×2
    13. LazarusLazarus
    14. Wind
    15. Con turret
    16. Wind ×2
    17. Con turret
    18. Wind
    19. Advanced Bot LabAdvanced Bot Labdone 4:21 · typical 4:16
  3. 3

    Advanced Bot Lab to 5:00

    Economy
    • Wind Turbine3Wind
    Order
    1. Bot LabEat Bot Lab
    Builders
    • Advanced Construction Bot1 T2 con bot for allies

    Some games also: converter (35%)

    By 5:00 in all: 4 mex · 15 wind · 1 converter · 1 energy storage · 3 con turret

    The example game in this phase · 6 steps
    1. Wind ×2
    2. Bot LabEat Bot Labreclaimed for its metal
    3. Wind
    4. Advanced Construction BotT2 con botfor Geo
    5. Advanced Metal ExtractorT2 mexdone 5:09 · typical 5:28
    6. Advanced Construction BotT2 con botfor Air
  4. 4

    5:00 to 10:00

    Economy
    • Wind Turbine43Wind
    • Energy Converter6Converter
    Builders
    • Butler9 Butler
    • Advanced Construction Bot4 T2 con bot for allies
    • Advanced Construction Bot1 T2 con bot

    Some games also: con turret (43%) · Butler for allies (37%)

    By 10:00 in all: 4 mex · 58 wind · 8 converter · 1 energy storage · 3 con turret

    The example game in this phase · 169 steps
    1. Advanced Metal ExtractorT2 mex ×2
    2. FatboyFatboyfor Ponddone 6:08
    3. Converter
    4. Advanced Construction BotT2 con botfor Geo sea
    5. Converter ×2
    6. ButlerButler
    7. Converter
    8. ButlerButler
    9. Advanced Metal ExtractorT2 mex
    10. SharpshooterSniper botfor Ponddone 7:46
    11. Advanced Construction BotT2 con botfor Pond
    12. Wind
    13. Advanced Construction BotT2 con bot
    14. Wind ×2
    15. Advanced Construction BotT2 con botfor Beach sea
    16. Wind ×3
    17. ButlerButler
    18. Wind
    19. ButlerButler ×2
    20. Wind
    21. ButlerButler
    22. Wind
    23. ButlerButler
    24. Wind
    25. ButlerButler
    26. Wind
    27. ButlerButler
    28. Wind ×2
    29. ButlerButler
    30. Wind ×3
    31. ButlerButler
    32. Wind ×3
    33. ButlerButler
    34. Wind ×3
    35. ButlerButler
    36. Wind ×2
    37. ButlerButler
    38. Wind ×5
    39. ButlerButler
    40. Converter
    41. Wind ×5
    42. ButlerButler
    43. Wind ×4
    44. ButlerButlerfor Beach sea
    45. Converter
    46. Wind ×2
    47. ButlerButler
    48. Wind ×2
    49. ButlerButler
    50. Wind ×3
    51. UmbrellaAnti-nukedone 11:10
    52. Converter
    53. Wind ×6
    54. Converter
    55. Wind ×6
    56. Converter ×2
    57. Wind ×5
    58. Converter
    59. Wind ×2
    60. Converter
    61. Wind ×3
    62. Converter
    63. Wind
    64. Converter
    65. Wind ×5
    66. Converter ×2
    67. Wind ×6
    68. Converter
    69. Wind ×2
    70. Converter
    71. Wind ×3
    72. Converter
    73. Wind ×3
    74. Converter
    75. Wind ×5
    76. Fusion ReactorFusiondone 13:10
    77. Wind
    78. Converter
    79. Con turret
    80. Wind ×4
    81. Converter
    82. Wind ×7
    83. Converter
    84. Wind
    85. Converter
    86. Wind ×6
    87. Con turret
    88. TracerTracer
    89. Wind ×2
    90. Converter
    91. Wind ×4
    92. Converter
    93. Wind ×6
    94. Converter
    95. Wind ×3
    96. Advanced Bot LabEat Advanced Bot Labreclaimed for its metal
    97. Wind
    98. Converter
    99. Wind ×6
    100. Converter
    101. Con turret
    102. Wind
    103. Converter
    104. Wind ×5
    105. Con turret
    106. Wind ×3
    107. Converter
    108. Wind ×4
    109. Converter
    110. Wind ×4
    111. Con turret
    112. Wind ×2
    113. Converter
    114. Wind ×4
    115. Converter
    116. Wind ×6
    117. Converter
    118. Con turret
    119. Wind ×3
    120. Converter
    121. Wind ×6
    122. Converter
    123. Wind ×3
    124. Con turret
    125. Wind ×2
    126. Converter
    127. Wind ×4
    128. Converter
    129. Wind ×2
    130. Converter
    131. Wind ×3
    132. Converter
    133. Wind
    134. Converter
    135. Wind ×6
    136. Converter ×2
    137. Fusion ReactorFusion
    138. Wind ×6
    139. Con turret
    140. Wind ×2
    141. Converter ×2
    142. Wind ×6
    143. Converter
    144. Wind
    145. Converter
    146. Wind ×4
    147. Converter ×2
    148. NettleNettle
    149. Wind ×3
    150. Converter ×2
    151. Wind ×5
    152. Converter ×2
    153. Fusion ReactorFusion
    154. Wind ×3
    155. NettleNettle
    156. Converter ×2
    157. Wind
    158. Mex
    159. Wind ×3
    160. Converter ×2
    161. Wind ×4
    162. Converter ×2
    163. Wind ×4
    164. Converter
    165. Wind
    166. Converter
    167. Wind ×5
    168. Converter ×2
    169. Wind ×3

Counts are medians over the build's games: half of them build more, half fewer. The example game is bob7's (31 OS, 14/10/2026); pick another.

Team trades

IN AT LEAST 30% OF ITS GAMES

You hand over

  • Construction Bot1 Con bot to Airfirst at 2:23 · in 84% of games
  • Advanced Construction Bot5 T2 con bot to Air or Geo sea or Pondfirst at 4:51 · in 99% of games
  • Butler2 Butler to Geo sea or Beach sea or Pondfirst at 9:06 · in 42% of games

You get

  • Hercules1 Light transport from Airfirst at 4:01 · in 86% of games

How it plays out

Typical game of this build, running totals by minute

Metal produced

020k40k
0:005:0010:0015:00

metal

Enemy metal destroyed

050100150
0:005:0010:0015:00

metal

Own metal lost

050100150
0:005:0010:0015:00

metal

1977 games.

Show as table
ByMetal produced: This buildEnemy metal destroyed: This buildOwn metal lost: This build
1:0038300
2:0091500
3:00165400
4:00314400
5:00484600
6:00580300
7:00723300
8:00906900
9:001119900
10:001353800
11:001625700
12:001967700
13:002346000
14:0027328074
15:0031531105130
WHAT THE NUMBERS SAY

Standard Tech play barely fights at all early, instead pouring metal into T2 infrastructure and constructors for the team.

  • + Metal produced hits 31679 by 15:00, by far the highest of any role here.
  • + T2 factory reached in 97% of games by 4:15, fastest and most reliable T2 timing.
  • − Enemy metal destroyed stays at 0 through 10:00, no early offense at all.
  • − Own metal lost also near 0, showing total avoidance of combat risk.
THE EXAMPLE YOU ARE READING

bob7

31.0 OS · 14/10/2026

Open source match ↗

6 received units · includes a constructor
3069 metal received · 114294 energy received

Allied construction assistance is unknown. Timings are observations, not a promise of solo reproducibility.

Typical milestones

Bot Lab1:18Middle 50%: 1:13–1:32 · n=1977
Advanced Bot Lab4:16Middle 50%: 4:04–4:30 · n=1970
Advanced Metal Extractor5:28Middle 50%: 5:05–5:58 · n=1973

Played most by

Amrissa95games of this buildTheGeneraI70games of this buildAdeus57games of this buildEl_Turco56games of this buildKOT_45games of this build
Standard tech · Armada Tech (Eco) build order · BAR Build Atlas